 Dungeon Crawl Stone Soup version 0.21.1-1-g345015f (webtiles) character file.

1868 teukkam the Skirmisher (level 9, -1/73 HPs)
             Began as a Gnoll Wanderer on Feb 13, 2018.
             Was a Believer of Wu Jian.
             Killed themself with a badly aimed iceblast (13 damage)
             ... on level 6 of the Dungeon.
             The game lasted 00:24:27 (5728 turns).

teukkam the Skirmisher (Gnoll Wanderer)             Turns: 5728, Time: 00:24:28

Health: -1/73      AC:  8    Str: 17    XL:     9   Next: 13%
Magic:  14/14      EV: 13    Int: 17    God:    Wu Jian [**....]
Gold:   245        SH:  0    Dex: 15    Spells: 15/15 levels left

rFire    + . .     SeeInvis .   a - +3 short sword
rCold    . . .     Gourm    .   (no shield)
rNeg     . . .     Faith    .   p - +1 scale mail {MR+}
rPois    .         Spirit   .   (no helmet)
rElec    .         Reflect  .   (no cloak)
rCorr    .         Harm     .   (no gloves)
MR       +....                  (no boots)
Stlth    +.........             (no amulet)
HPRegen  0.22/turn              (no ring)
MPRegen  0.14/turn              u - +4 ring of slaying

@: no status effects
A: distributed training, fangs 1, agile 1, fire resistance 1, strong nose
a: Wall Jump, Renounce Religion


You were on level 6 of the Dungeon.
You worshipped Wu Jian.
Wu Jian was pleased with you.
You were not hungry.

You visited 1 branch of the dungeon, and saw 6 of its levels.

You collected 245 gold pieces.

Inventory:

Hand Weapons
 a - a +3 short sword (weapon)
 b - a +0 shortbow
 m - a +2 whip of freezing
Missiles
 c - 83 arrows
 g - 37 poisoned needles
 k - 3 curare-tipped needles
 l - 32 bolts
Armour
 p - a +1 scale mail of magic resistance (worn)
Jewellery
 u - a +4 ring of slaying (right hand)
Wands
 i - a wand of flame (17)
 r - a wand of random effects (4)
 t - a wand of paralysis (6)
 w - a wand of clouds (5)
Scrolls
 d - 7 scrolls of teleportation
 e - 3 scrolls of blinking
 h - 3 scrolls of identify
 j - 3 scrolls of fog
 n - a scroll of remove curse
 s - a scroll of enchant armour {unknown}
 v - a scroll of enchant weapon
Potions
 o - a potion of ambrosia
Comestibles
 f - 6 rations
 x - 6 chunks of flesh


   Skills:
 + Level 7.7 Fighting
 + Level 4.7 Short Blades
 + Level 3.9 Long Blades
 + Level 3.9 Axes
 + Level 3.9 Maces & Flails
 + Level 3.9 Polearms
 + Level 3.9 Staves
 + Level 3.9 Slings
 + Level 3.9 Bows
 + Level 3.9 Crossbows
 + Level 3.9 Throwing
 + Level 6.1 Armour
 + Level 6.1 Dodging
 + Level 4.6 Stealth
 + Level 3.9 Shields
 + Level 3.9 Unarmed Combat
 + Level 3.9 Spellcasting
 + Level 3.2 Conjurations
 + Level 3.2 Hexes
 + Level 3.2 Charms
 + Level 3.2 Summonings
 + Level 3.2 Necromancy
 + Level 3.2 Translocations
 + Level 3.2 Transmutations
 + Level 3.2 Fire Magic
 + Level 3.2 Ice Magic
 + Level 3.2 Air Magic
 + Level 3.2 Earth Magic
 + Level 3.2 Poison Magic
 + Level 4.2 Invocations
 + Level 4.7 Evocations


You had 15 spell levels left.
You didn't know any spells.

Dungeon Overview and Level Annotations

Branches:
Dungeon (6/15)             Temple (0/1) D:5

Altars:
Kikubaaqudgha
Okawaru
Wu Jian


Innate Abilities, Weirdness & Mutations

Your experience applies equally to all skills.
You have very sharp teeth.
Your uncanny sense of smell can sniff out nearby items.
You are agile. (Dex +2)
Your flesh is heat resistant. (rF+)


Message History

An orc comes into view. It is wielding a falchion.
Unknown command.
The orc shouts!
You hit the orc warrior.
You kill the orc warrior!
The Council accepts your kill.
The orc priest looks braver for a moment.
You closely miss the orc. The orc hits you but does no damage.
Evoke which item? (* to show all) (? for menu, Esc to quit)
Aiming: Random Effects
Press: ? - help, Shift-Dir - straight line, f - orc
Aim: an orc, wielding a short sword The mass of ice explodes!
The iceblast engulfs the orc.
You kill the orc!
The Council accepts your kill.
The iceblast engulfs the orc priest.
You kill the orc priest!
The Council accepts your kill. The iceblast engulfs you!
You die...

#.####.# #.# #.#
.# #.###.### #.#
.. #)).....# #S#
## #)###.#.# #.#
#.# #.#.# #.##
#.###.#.######...#
#..÷...)..oo.....#
#..####)###.##...#
#..# #@# #o# ###
#..# #.# #.# #..#
#.# #.# #..# #..
... ∆ #... ..# #.#
#..# #o# #.# #..#
... #.# ...


You could see an orc.

Vanquished Creatures
  Pikel (D:6)
  2 orc warriors (D:6)
  A sky beast (D:4)
  A slave (D:6)
  A centaur (D:5)
  Blork the orc (D:6)
  A bullfrog (D:6)
  3 scorpions
  2 howler monkeys
  2 bullfrog zombies (D:5)
  A jelly (D:3)
  3 orc priests (D:6)
  3 hounds
  2 bullfrog skeletons
  An iguana (D:4)
  5 orc wizards
  A worker ant (D:3)
  3 adders
  An adder skeleton (D:4)
  3 worms
  5 dart slugs
  3 leopard geckos
  13 orcs
  2 ball pythons
  4 giant cockroaches
  7 goblins
  8 hobgoblins
  6 jackals
  7 kobolds
  3 quokkas
  5 bats
  6 frilled lizards
  A leopard gecko zombie (D:6)
  12 rats
120 creatures vanquished.

Vanquished Creatures (others)
  A crimson imp (D:6)
  4 orcs (D:6)
  A goblin (D:1)
6 creatures vanquished.

Grand Total: 126 creatures vanquished

Notes
Turn   | Place    | Note
-------+----------+-------------------------------------------
     0 | D:1      | teukkam the Gnoll Wanderer began the quest for the Orb.
     0 | D:1      | teukkam set off with: a +2 short sword, a +0 shortbow, 29 arrows, a scroll of teleportation, a +0 robe, a ration
     0 | D:1      | Reached XP level 1. HP: 23/23 MP: 2/2
    97 | D:2      | Reached XP level 2. HP: 28/29 MP: 3/3
   236 | D:2      | Noticed a scorpion
   316 | D:1      | Reached XP level 3. HP: 25/35 MP: 4/4
   406 | D:2      | Killed a scorpion
   406 | D:2      | Reached skill level 1 in Long Blades
   406 | D:2      | Reached skill level 1 in Axes
   406 | D:2      | Reached skill level 1 in Maces & Flails
   406 | D:2      | Reached skill level 1 in Polearms
   406 | D:2      | Reached skill level 1 in Staves
   406 | D:2      | Reached skill level 1 in Slings
   406 | D:2      | Reached skill level 1 in Bows
   406 | D:2      | Reached skill level 1 in Crossbows
   406 | D:2      | Reached skill level 1 in Throwing
   406 | D:2      | Reached skill level 1 in Shields
   406 | D:2      | Reached skill level 1 in Unarmed Combat
   406 | D:2      | Reached skill level 1 in Spellcasting
   406 | D:2      | Reached skill level 1 in Invocations
   406 | D:2      | Reached XP level 4. HP: 27/41 MP: 4/6
   785 | D:2      | Reached skill level 1 in Conjurations
   785 | D:2      | Reached skill level 1 in Hexes
   785 | D:2      | Reached skill level 1 in Charms
   785 | D:2      | Reached skill level 1 in Summonings
   785 | D:2      | Reached skill level 1 in Necromancy
   785 | D:2      | Reached skill level 1 in Translocations
   785 | D:2      | Reached skill level 1 in Transmutations
   785 | D:2      | Reached skill level 1 in Fire Magic
   785 | D:2      | Reached skill level 1 in Ice Magic
   785 | D:2      | Reached skill level 1 in Air Magic
   785 | D:2      | Reached skill level 1 in Earth Magic
   785 | D:2      | Reached skill level 1 in Poison Magic
   863 | D:3      | Reached XP level 5. HP: 38/47 MP: 7/7
  1353 | D:4      | Reached XP level 6. HP: 53/53 MP: 8/8
  1360 | D:4      | Found an ornate altar of the Wu Jian Council.
  1364 | D:4      | Became a worshipper of the Wu Jian Council
  2792 | D:3      | Reached * piety under Wu Jian
  2813 | D:3      | Reached skill level 5 in Armour
  2813 | D:3      | Reached skill level 5 in Dodging
  3002 | D:3      | Found an ancient bone altar of Kikubaaqudgha.
  3087 | D:4      | Found an iron altar of Okawaru.
  3168 | D:4      | Reached XP level 7. HP: 36/59 MP: 10/10
  3268 | D:4      | Reached skill level 7 in Fighting
  3922 | D:5      | Entered Level 5 of the Dungeon
  4093 | D:5      | Found a staircase to the Ecumenical Temple.
  4703 | D:5      | Reached XP level 8. HP: 27/67 MP: 12/12
  5182 | D:6      | Noticed Pikel
  5246 | D:6      | Gained mutation: Your flesh is heat resistant. (rF+) [potion of mutation]
  5246 | D:6      | Gained mutation: You have a pair of small horns on your head. [potion of mutation]
  5246 | D:6      | Lost mutation: You have a pair of small horns on your head. [potion of mutation]
  5246 | D:6      | Gained mutation: You are agile. (Dex +2) [potion of mutation]
  5251 | D:6      | Killed Pikel
  5525 | D:6      | Noticed Blork the orc
  5532 | D:6      | Killed Blork the orc
  5650 | D:6      | Reached ** piety under Wu Jian
  5655 | D:6      | Reached XP level 9. HP: 54/72 MP: 14/14
  5728 | D:6      | Killed themself with a badly aimed iceblast

Skill      XL: |  1  2  3  4  5  6  7  8 |
---------------+-------------------------+-----
Long Blades    | 1 2 3 |  3.9
Axes           | 1 2 3 |  3.9
Maces & Flails | 1 2 3 |  3.9
Polearms       | 1 2 3 |  3.9
Staves         | 1 2 3 |  3.9
Slings         | 1 2 3 |  3.9
Bows           | 1 2 3 |  3.9
Crossbows      | 1 2 3 |  3.9
Throwing       | 1 2 3 |  3.9
Shields        | 1 2 3 |  3.9
Unarmed Combat | 1 2 3 |  3.9
Spellcasting   | 1 2 3 |  3.9
Invocations    | 1 2 3 4 |  4.2
Conjurations   | 1 2 3 |  3.2
Hexes          | 1 2 3 |  3.2
Charms         | 1 2 3 |  3.2
Summonings     | 1 2 3 |  3.2
Necromancy     | 1 2 3 |  3.2
Translocations | 1 2 3 |  3.2
Transmutations | 1 2 3 |  3.2
Fire Magic     | 1 2 3 |  3.2
Ice Magic      | 1 2 3 |  3.2
Air Magic      | 1 2 3 |  3.2
Earth Magic    | 1 2 3 |  3.2
Poison Magic   | 1 2 3 |  3.2
Short Blades   | 3 4 |  4.7
Evocations     | 3 4 |  4.7
Stealth        | 3 4 |  4.6
Armour         | 5 6 |  6.1
Dodging        | 5 6 |  6.1
Fighting       | 7 |  7.7

Action                   |  1- 3 |  4- 6 |  7- 9 || total
-------------------------+-------+-------+-------++-------
Melee: Short sword       |    52 |   152 |   254 ||   458
       Bite              |     5 |    18 |    19 ||    42
       Punch             |       |       |     2 ||     2
 Fire: Shortbow          |     5 |    47 |    22 ||    74
Invok: Whirlwind         |       |    14 |   127 ||   141
       Lunge             |       |     9 |    16 ||    25
Evoke: Wand              |       |       |     8 ||     8
  Use: Scroll            |       |     8 |     1 ||     9
       Potion            |       |     3 |     8 ||    11
 Stab: Sleeping          |     1 |     1 |       ||     2
       Paralysed         |       |       |     1 ||     1
  Eat: Chunk             |       |     4 |     1 ||     5
       Ration            |       |     1 |     2 ||     3
Armor: Robe              |     7 |     3 |       ||    10
       Leather armour    |       |     7 |       ||     7
       Skin              |       |     4 |       ||     4
       Chain mail        |       |    12 |       ||    12
       Scale mail        |       |     8 |    76 ||    84
Dodge: Dodged            |    31 |    87 |   117 ||   235
